 Dungeon Sprint DCSS version 0.17-b1-15-g0f5fb43 (webtiles) character file.

131 Kidiri the Sneak (level 4, -2/23 HPs)
             Began as a Spriggan Enchanter on Nov 2, 2015.
             Was an Initiate of Dithmenos.
             Killed from afar by a wizard (25 damage)
             ... with a bolt of lightning
             ... in the Dungeon (Sprint III: "The Ten Rune Challenge").
             The game lasted 00:03:51 (838 turns).

Kidiri the Sneak (Spriggan Enchanter)                Turns: 838, Time: 00:03:51

Health: -2/23      AC:  3    Str:  6    XL:     4   Next: 91%
Magic:  12/12      EV: 22    Int: 16    God:    Dithmenos [......]
Gold:   22         SH:  0    Dex: 17    Spells: 4 memorised, 4 levels left

rFire  . . .     SeeInvis +     a - +1 dagger
rCold  . . .     Clarity  .     k - +1 robe {Archmagi}
rNeg   . . .     SustAt   .     (shield restricted)
rPois  +         Gourm    .     (helmet restricted)
rElec  .         Spirit   .     (no cloak)
rCorr  .         Warding  .     (gloves unavailable)
rMut   .         NoTele   +     (boots unavailable)
MR     .....                    (no amulet)
Stlth  ++++......               (no ring)
                                (no ring)

@: very quick, not resistant to hostile enchantments, stealthy
A: unfitting armour, antennae 1, see invisible, blink, herbivore 3, speed 3,
poison resistance, slow metabolism 2, spit poison 1, strong 1
a: Spit Poison, Blink, Renounce Religion


You were in the Dungeon.
You worshipped Dithmenos.
Dithmenos was noncommittal.
You were not hungry.

You visited 1 branch You collected 22 gold pieces.

Inventory:

Hand Weapons
 a - a +1 dagger (weapon)
Armour
 k - a +1 robe of the Archmagi (worn)
Scrolls
 j - a scroll of blinking
 l - 2 scrolls of torment
 m - 3 scrolls of identify
 n - 2 scrolls of remove curse
Potions
 e - 4 potions of curing
 f - 2 potions of heal wounds
 g - a potion of haste
 h - 2 potions of magic
Books
 c - a book of Maledictions

   Spells                             Type                      Level
   a - Corona                         Hexes                        1
   b - Ensorcelled Hibernation        Hexes/Ice                    2
   c - Confuse                        Hexes                        3
   d - Tukima's Dance                 Hexes                        3
   e - Dazzling Spray                 Conjuration/Hexes            3
Comestibles
 d - 2 bread rations
 o - 2 royal jellies


   Skills:
 + Level 2.0 Fighting
 * Level 4.2 Short Blades
 + Level 1.7 Armour
 * Level 6.5 Dodging
 * Level 7.6 Stealth
 * Level 5.4 Spellcasting
 + Level 1.2 Conjurations
 + Level 4.8 Hexes
 + Level 1.2 Ice Magic
 + Level 0.0 Invocations


You had 4 spell levels left.
You knew the following spells:

 Your Spells              Type           Power        Failure   Level  Hunger
a - Corona                Hex            ####...      1%          1    None
b - Ensorcelled Hibernat  Hex/Ice        ###...       10%         2    #......
c - Confuse               Hex            ####....     8%          3    ###....
e - Dazzling Spray        Conj/Hex       ###.....     14%         3    ###....


Dungeon Overview and Level Annotations

Branches:
Dungeon (1/1)

Altars:
Dithmenos
Gozag
Kikubaaqudgha
Makhleb
Nemelex Xobeh
Qazlal
Ru
Sif Muna
Vehumet
Xom
Jiyva
Lugonu


Innate Abilities, Weirdness & Mutations

You are tiny and cannot use many weapons and most armour.
You have supernaturally acute eyesight.
You are a herbivore.
You cover ground extremely quickly.
You need consume almost no food.
You have a pair of small antennae on your head.
You can translocate small distances at will.
Your system is resistant to poisons.
You can spit weak poison.
Your muscles are strong. (Str +2)


Message History

There is an open door here.
You close the door.
There is an open door here.
You close the door.
You open the door.
A wizard comes into view. It is wielding a dagger.
Found a paperback book.
Found three altars.
A kobold demonologist comes into view. It is wielding a dagger.
The wizard shouts!
The kobold demonologist shouts!
Found a dog-eared hardcover book.
There is an open door here.
You hit the wizard but do no damage. The wizard casts a spell at you.
You easily resist.
You hit the wizard.
The wizard is lightly wounded.
The wizard casts a spell at you. The bolt of lightning hits you!
Ouch! That really hurt!
You die...

.#......#####..#
##.......#%.#..#
.##.##...#..#..###+#+###+##
.##.###..##+#..#..........#
####.##..###...'.⌠........#
##†.##..####...#...######+#
....##..###....#.⌠.#__#...#
#..##...##.....#...#__#...#
†.##.[..#......#@###__#...#
.###..##.#.....#.p:#__#...+.#
.# #..#####....#_K_#_.+...#.#
▓▓ ▓▓▓▓ ▓▓▓▓▓▓▓▓▓▓▓▓▓▓▓▓▓▓▓ {


You could see a wizard and a kobold demonologist.

Vanquished Creatures
  A water elemental (D)
  A jelly (D)
  Jessica (D)
  A human (D)
  A phantom (D)
  3 rats (D)
8 creatures vanquished.

Vanquished Creatures (others)
  2 draconian scorchers (D)
  2 yaktaurs (D)
4 creatures vanquished.

Grand Total: 12 creatures vanquished

Notes
Turn   | Place    | Note
--------------------------------------------------------------
     0 | D        | Kidiri the Spriggan Enchanter began the quest for the Orb.
     0 | D        | Reached XP level 1. HP: 9/9 MP: 5/5
    43 | D        | Noticed Jessica
    58 | D        | Killed Jessica
    58 | D        | Reached skill level 1 in Fighting
    58 | D        | Reached skill level 6 in Stealth
    58 | D        | Reached XP level 2. HP: 12/14 MP: 5/8
    62 | D        | Learned a level 2 spell: Ensorcelled Hibernation
   106 | D        | Reached XP level 3. HP: 18/18 MP: 9/9
   129 | D        | Learned a level 3 spell: Confuse
   133 | D        | Learned a level 3 spell: Dazzling Spray
   162 | D        | Killed a yaktaur
   188 | D        | Reached skill level 1 in Armour
   188 | D        | Reached skill level 5 in Dodging
   250 | D        | Killed a white draconian scorcher
   287 | D        | Killed a white draconian scorcher
   359 | D        | Gained mutation: Your muscles are strong. (Str +2) [potion of mutation]
   359 | D        | Gained mutation: You can translocate small distances at will. [potion of mutation]
   359 | D        | Gained mutation: Your system is resistant to poisons. [potion of mutation]
   360 | D        | Gained mutation: You have a pair of small antennae on your head. [potion of mutation]
   360 | D        | Gained mutation: You can spit weak poison. [potion of mutation]
   369 | D        | Noticed a water elemental
   387 | D        | Killed a water elemental
   387 | D        | Reached skill level 7 in Stealth
   387 | D        | Reached skill level 5 in Spellcasting
   387 | D        | Reached skill level 1 in Conjurations
   387 | D        | Reached skill level 1 in Ice Magic
   387 | D        | Reached XP level 4. HP: 3/23 MP: 1/12
   527 | D        | Killed a yaktaur
   686 | D        | Noticed a jelly
   687 | D        | Noticed a shadow
   798 | D        | Killed a jelly
   799 | D        | Found a stormy altar of Qazlal.
   805 | D        | Found a sacrificial altar of Ru.
   805 | D        | Found a burning altar of Makhleb.
   805 | D        | Found a viscous altar of Jiyva.
   805 | D        | Found a shimmering altar of Xom.
   805 | D        | Found a shadowy altar of Dithmenos.
   805 | D        | Found a sparkling altar of Nemelex Xobeh.
   805 | D        | Found a corrupted altar of Lugonu.
   805 | D        | Found an opulent altar of Gozag.
   809 | D        | Became a worshipper of Dithmenos the Shadowed
   835 | D        | Found a radiant altar of Vehumet.
   835 | D        | Found a deep blue altar of Sif Muna.
   835 | D        | Found an ancient bone altar of Kikubaaqudgha.
   835 | D        | Noticed a wizard
   838 | D        | Killed from afar by a wizard

Action                   |  1- 3 |  4- 6 || total
-------------------------+-------+-------++-------
Melee: Dagger            |    26 |     3 ||    29
 Cast: Corona            |     3 |       ||     3
       Ensorcelled Hiber |     3 |     1 ||     4
       Dazzling Spray    |     2 |       ||     2
  Use: Potion            |     3 |       ||     3
       Scroll            |     2 |       ||     2
 Stab: Sleeping          |     4 |     1 ||     5
